 Dungeon Crawl Stone Soup version 0.29.0-11-gd7f09526c8 (webtiles) character file.

Game seed: 1812582676983852946

1734 RascalDebosk the Shooter (level 8, -2/71 HPs)
             Began as a Minotaur Hunter on Sept 3, 2022.
             Slain by Maggie
             ... wielding a +0 glaive
              (14 damage)
             ... on level 6 of the Dungeon.
             The game lasted 01:01:40 (6804 turns).

RascalDebosk the Shooter (Minotaur Hunter)          Turns: 6804, Time: 01:01:41

Health: -2/71      AC:  8    Str: 17    XL:     8   Next: 76%
Magic:  7/7        EV: 12    Int: 12    God:
Gold:   196        SH:  0    Dex: 15    Spells: 7/7 levels left

rFire   . . .      SeeInvis .   l - +4 quarterstaff (chaos)
rCold   . . .      Faith    .   (shield currently unavailable)
rNeg    . . .      Spirit   .   k - +0 scale mail
rPois   .          Reflect  .   h - +0 hat
rElec   .          Harm     .   q - +0 cloak
rCorr   .          Rampage  .   (no gloves)
Will    +....                   (no boots)
Stlth   ..........              (no amulet)
HPRegen 0.21/turn               c - ring of willpower
MPRegen 0.10/turn               r - +6 ring of intelligence

@: no status effects
A: horns 2, retaliatory headbutt
a: no special abilities


You were on level 6 of the Dungeon.
You visited 1 branch of the dungeon, and saw 6 of its levels.
You also visited: Sewer.

You collected 196 gold pieces.

Inventory:

Hand Weapons
 a - a +3 shortbow
 l - a +4 quarterstaff of chaos (weapon)
Armour
 h - a +0 hat (worn)
 k - a +0 scale mail (worn)
 q - a +0 cloak (worn)
Jewellery
 c - a ring of willpower (left hand)
 r - a +6 ring of intelligence (right hand)
Wands
 o - a wand of flame (22)
 u - a wand of roots (9)
 v - a wand of charming (9)
Scrolls
 b - 2 scrolls of immolation
 e - a scroll of teleportation
 g - a scroll of magic mapping
Potions
 d - 2 potions of cancellation
 f - 4 potions of mutation
 i - 2 potions of resistance
 m - 3 potions of haste
 n - a potion of magic
 p - 2 potions of brilliance
 s - a potion of attraction


   Skills:
 + Level 6.4 Fighting
 + Level 7.0 Ranged Weapons
 + Level 5.9 Armour
 + Level 5.9 Dodging
 - Level 0.7 Stealth
 + Level 4.3 Evocations


You had 7 spell levels left.
You didn't know any spells.
Your spell library contained the following spells:

 Spells                   Type           Power      Damage    Failure   Level
 Slow                     Hex            0%         N/A       69%         1
 Confusing Touch          Hex            0%         N/A       96%         3
 Dazzling Flash           Conj/Hex       0%         N/A       96%         3
 Vampiric Draining        Necr           0%         2d6       96%         3
 Agony                    Necr           0%         N/A       100%        5
 Silence                  Hex/Air        0%         N/A       100%        5
 Yara's Violent Unravell  Hex/Tmut       0%         3d3       100%        5
 Enfeeble                 Hex            0%         N/A       100%        7


Dungeon Overview and Level Annotations

Branches:
Dungeon (6/15)              Sewer (visited)
 Temple: D:4-7

Altars:
Gozag
Kikubaaqudgha
Vehumet

Shops:
D:4 *

Annotations:
D:6 Maggie


Innate Abilities, Weirdness & Mutations

You have a pair of horns on your head.
You reflexively headbutt those who attack you in melee.


Message History

The arrow closely misses the orc warrior.
The arrow barely misses Maggie.
The orc warrior hits you with a +0 short sword!
The orc warrior completely misses you. You furiously retaliate!
You headbutt the orc warrior, but do no damage.
Your +4 quarterstaff of chaos is briefly surrounded by a scintillating aura of random colours.
l - a +4 quarterstaff of chaos (weapon)
You hit the orc warrior but do no damage.
Your headbutt misses the orc warrior.
The orc warrior is moderately wounded.
Maggie says, "How do the people who live here stand the isolation?"
The orc warrior hits you with a +0 short sword. x2
You sock the orc warrior!
The orc warrior is poisoned.
You headbutt the orc warrior!
The orc warrior is almost dead.
The orc warrior hits you but does no damage.
You sock the orc warrior!
You kill the orc warrior!
Your Ranged Weapons skill increases to level 7!
Deactivating autopickup; reactivate with Ctrl-A.
You sock something!
Reactivating autopickup.
You feel a bit more experienced. Maggie casts a spell at you.
The bolt of fire hits you!! Maggie casts a spell at you.
The bolt of fire hits you!
Items here: ))) [[[ †††.
You completely miss Maggie. You headbutt Maggie.
Maggie is lightly wounded.
The orc drinks a potion.
The orc goes berserk!
Maggie mumbles some strange words.
Maggie attempts to bespell you! You resist with almost no effort.
Maggie gestures at you while chanting. The bolt of fire hits you!
* * * LOW HITPOINT WARNING * * *
You hit Maggie.
Maggie's magic leaks into the air.
Maggie is lightly wounded.
Maggie hits you with a +0 glaive!
You die...

#.# #.# #. #.#
#.# # #.# .#
##.#######.#
####....##....#
#...........#.#
#.####^####.# #
.... #@#
#...... #@#
#.......#o.
#..._...#).#
#.......#..#
#.... #..# #..#
#..#


You could see Maggie (magic disrupted) and an orc (berserk).

Vanquished Creatures
  Grinder (D:3)
  A water moccasin (D:5)
  Duvessa (D:5)
  2 orc warriors (D:6)
  3 black bears
  Blork the orc (D:6)
  A scorpion (D:5)
  A necrophage (D:5)
  Dowan (D:5)
  A jelly (D:5)
  A howler monkey (D:5)
  A hound (D:5)
  2 iguanas
  Crazy Yiuf (D:4)
  5 orc wizards
  Natasha (twice) (D:3)
  12 adders
  2 shadow imps
  2 white imps (D:5)
  An ufetubus (D:6)
  3 worms
  18 orcs
  14 bats
  9 endoplasms
  4 giant cockroaches
  10 goblins
  3 hobgoblins
  4 quokkas
  9 ball pythons
  7 frilled lizards
  15 kobolds
  7 rats
145 creatures vanquished.

Vanquished Creatures (others)
  2 plants (D:3)
2 creatures vanquished.

Grand Total: 147 creatures vanquished

Notes
Turn   | Place    | Note
-------+----------+-------------------------------------------
     0 | D:1      | RascalDebosk the Minotaur Hunter began the quest for the
                  | Orb.
     0 | D:1      | Reached XP level 1. HP: 18/18 MP: 0/0
   177 | D:1      | Reached XP level 2. HP: 25/25 MP: 1/1
   438 | D:1      | Reached skill level 1 in Armour
   691 | D:1      | Found a faded altar of an unknown god.
  1180 | D:2      | Reached XP level 3. HP: 30/30 MP: 2/2
  1591 | D:2      | Reached skill level 1 in Evocations
  1942 | D:3      | Reached XP level 4. HP: 24/38 MP: 3/3
  2024 | D:3      | Found a glowing drain.
  2043 | Sewer    | Entered a sewer
  2135 | Sewer    | Reached skill level 5 in Ranged Weapons
  2605 | D:3      | Reached XP level 5. HP: 43/45 MP: 4/4
  2713 | D:3      | Noticed Grinder
  2728 | D:3      | Killed Grinder
  2729 | D:3      | Reached XP level 6. HP: 25/52 MP: 5/5
  2936 | D:3      | Noticed Natasha
  2942 | D:3      | Killed Natasha
  3175 | D:3      | Noticed Natasha
  3177 | D:3      | Killed Natasha
  4341 | D:4      | Found Uraacs's General Store.
  4405 | D:4      | Reached XP level 7. HP: 20/60 MP: 6/6
  4827 | D:4      | Found a runed translucent door.
  4828 | D:4      | Noticed Crazy Yiuf
  4839 | D:4      | Killed Crazy Yiuf
  5037 | D:5      | Entered Level 5 of the Dungeon
  5346 | D:5      | Found a radiant altar of Vehumet.
  5567 | D:5      | Reached skill level 5 in Fighting
  5567 | D:5      | Reached skill level 6 in Ranged Weapons
  5589 | D:5      | Reached skill level 5 in Dodging
  5589 | D:5      | Reached XP level 8. HP: 37/69 MP: 7/7
  5813 | D:5      | Reached skill level 5 in Armour
  6284 | D:6      | Noticed Blork the orc
  6300 | D:6      | Killed Blork the orc
  6358 | D:6      | Noticed Duvessa
  6363 | D:6      | Noticed Dowan
  6377 | D:5      | Killed Duvessa
  6382 | D:5      | HP: 1/70 [Dowan/shard of ice (32)]
  6387 | D:5      | Killed Dowan
  6647 | D:6      | Found an opulent altar of Gozag.
  6773 | D:6      | Found an ancient bone altar of Kikubaaqudgha.
  6789 | D:6      | Noticed Maggie
  6801 | D:6      | Reached skill level 7 in Ranged Weapons
  6804 | D:6      | Slain by Maggie

Illustrated notes

Levels and vault maps discovered:
D:1:      eino_arrival_tree_alley, layout_basic,
          shapermc_ecumenical_altar_mp_highgroup
D:2:      layout_loops_corners
D:3:      layout_basic, portal_sewer_entry_a, grunt_ministairs_13,
          nicolae_eternal_life, chequers_big_river, st_stairs_14, uniq_grinder,
          uniq_natasha
D:4:      nicolae_cairo_tiling_large, layout_rooms, serial_shops,
          nicolae_shop_advertising_works [nicolae_subvault_shop_adworks],
          uniq_crazy_yiuf_cottage
D:5:      layout_cave_pools, vehumet_altar_wand_db, kennysheep_generic_room_4
D:6:      minmay_bubble_buster, layout_loops_ring, lemuel_tele_altar,
          nicolae_ru_the_path_less_chosen, grunt_gozag_breadcrumbs,
          minmay_temple_entry_statues_fountains, minmay_mini_ossuary,
          uniq_duvessa, uniq_edmund, uniq_blork_the_orc, uniq_maggie

Skill      XL: |  1  2  3  4  5  6  7  8 |
---------------+-------------------------+-----
Armour         | 1 2 3 4 5 |  5.9
Fighting       | 3 4 5 6 |  6.4
Evocations     | 1 2 3 4 |  4.3
Dodging        | 3 4 5 |  5.9
Ranged Weapons | 5 6 7 |  7.0
Stealth        | |  0.7

Action                   |  1- 3 |  4- 6 |  7- 9 || total
-------------------------+-------+-------+-------++-------
Melee: Quarterstaff      |       |       |    12 ||    12
       Headbutt          |       |       |     4 ||     4
 Fire: Shortbow          |   108 |   180 |   196 ||   484
  Use: Scroll            |       |    10 |     8 ||    18
       Potion            |       |       |     8 ||     8
Armor: Ring mail         |    12 |       |       ||    12
       Scale mail        |    14 |    91 |    78 ||   183
Dodge: Dodged            |    43 |    85 |   113 ||   241
